[Event "ICC tourney 2148 (70 10)"]
[Site "Internet Chess Club"]
[Date "2020.11.21"]
[Round "1"]
[White "catcity"]
[Black "kavya204029han"]
[Result "1-0"]
[ICCResult "Black resigns"]
[WhiteElo "1581"]
[BlackElo "1633"]
[Opening "Ruy Lopez: Möller defense"]
[ECO "C78"]
[NIC "RL.12"]
[Time "12:39:15"]
[TimeControl "4200+10"]

1. e4 e5 2. Nf3 Nc6 3. Bb5 a6 4. Ba4 Nf6 5. O-O Bc5 6. Nc3 O-O 7. d3 Re8 8.
Bg5 Be7 9. Bxc6 dxc6 10. Nxe5 Qd6 11. d4 c5 12. Nc4 Qxd4 13. Qxd4 cxd4 14.
Bxf6 Bxf6 15. Nd5 Bg5 16. Nxc7 Rxe4 17. Nxa8 Be6 18. Nab6 h6 19. Rfe1 Rf4
20. g3 Rf6 21. f4 Bxf4 22. gxf4 Rg6+ 23. Kf2 Bh3 24. Rg1 Rf6 25. Nd5 Rc6 26.
Ne7+ {Black resigns} 1-0

[Event "ICC tourney 2148 (70 10)"]
[Site "Internet Chess Club"]
[Date "2020.11.21"]
[Round "1"]
[White "CommanderWolffe"]
[Black "sammu"]
[Result "1-0"]
[ICCResult "Black checkmated"]
[WhiteElo "1478"]
[BlackElo "1312"]
[Opening "Bishop's opening"]
[ECO "C23"]
[NIC "IG.04"]
[Time "12:39:13"]
[TimeControl "4200+10"]

1. e4 e5 2. Bc4 Nc6 3. Nc3 d6 4. Nf3 Nh6 5. O-O Bg4 6. h3 Bxf3 7. Qxf3 Nd4
8. Qd1 Be7 9. d3 Bh4 10. Bxh6 gxh6 11. Qh5 Rf8 12. Qxh6 Bg5 13. Qh5 Nxc2 14.
Rad1 Nd4 15. a4 Qe7 16. Nd5 Qd7 17. Qxg5 Ne2+ 18. Kh1 Nd4 19. Nf6+ Kd8 20.
Nxd7+ Kxd7 21. Qg4+ Kd8 22. Qh4+ Ke8 23. Qxh7 Kd8 24. Bxf7 Nc6 25. Be6 Nb8
26. Qh4+ Ke8 27. Qh5+ Kd8 28. Qg5+ Ke8 29. Qg6+ Kd8 30. Rc1 Na6 31. Qg7 Re8
32. Qd7# {Black checkmated} 1-0

[Event "ICC tourney 2148 (70 10)"]
[Site "Internet Chess Club"]
[Date "2020.11.21"]
[Round "1"]
[White "Onestepahead9"]
[Black "RaphyL"]
[Result "1-0"]
[ICCResult "Black checkmated"]
[WhiteElo "1314"]
[BlackElo "1265"]
[Opening "Giuoco Piano"]
[ECO "C50"]
[NIC "IG.02"]
[Time "12:39:17"]
[TimeControl "4200+10"]

1. e4 e5 2. Nf3 Nc6 3. Bc4 Bc5 4. Nc3 d6 5. O-O Bg4 6. d3 Nd4 7. Bxf7+ Kxf7
8. Ng5+ Qxg5 9. f3 Nxf3+ 10. Kh1 Qh4 11. Rxf3+ Bxf3 12. Qxf3+ Ke7 13. Nd5+
Ke8 14. Bd2 Nf6 15. Nxc7+ Kd7 16. Nxa8 Rxa8 17. Qf5+ Ke7 18. Bg5 Qg3 19.
hxg3 g6 20. Qxf6+ Ke8 21. Qe7# {Black checkmated} 1-0

[Event "ICC tourney 2148 (70 10)"]
[Site "Internet Chess Club"]
[Date "2020.11.21"]
[Round "1"]
[White "ccaffey"]
[Black "pintormjajeff"]
[Result "0-1"]
[ICCResult "White resigns"]
[WhiteElo "1312"]
[BlackElo "1478"]
[Opening "Queen's pawn game"]
[ECO "E00"]
[NIC "EO.64"]
[Time "12:39:43"]
[TimeControl "4200+10"]

1. c4 Nf6 2. d4 e6 3. e3 Nc6 4. Nf3 d5 5. Bd3 Be7 6. Qa4 O-O 7. O-O Bd7 8.
Nc3 Nxd4 9. exd4 Bxa4 10. Nxa4 Qd7 11. Nc5 Bxc5 12. Ne5 Qd6 13. Bf4 Bxd4 14.
Rae1 Nh5 15. c5 Bxc5 16. Rc1 Nxf4 17. Bb5 Qxe5 18. g4 Nh3+ 19. Kg2
{White resigns}
0-1

[Event "ICC tourney 2148 (70 10)"]
[Site "Internet Chess Club"]
[Date "2020.11.21"]
[Round "1"]
[White "Outschoorn"]
[Black "Fresjavacado"]
[Result "0-1"]
[ICCResult "White resigns"]
[WhiteElo "1166"]
[BlackElo "1447"]
[Opening "Bishop's opening: Berlin defense"]
[ECO "C24"]
[NIC "IG.04"]
[Time "12:39:32"]
[TimeControl "4200+10"]

1. e4 e5 2. Bc4 Nf6 3. d3 Nc6 4. Bg5 Bc5 5. Nc3 O-O 6. Nf3 a6 7. a4 d6 8.
O-O Bg4 9. h3 Bxf3 10. Qxf3 Nd4 11. Bxf6 Nxf3+ 12. gxf3 Qxf6 13. Nd5 Qg5+
14. Kh2 c6 15. Ne3 b5 16. axb5 cxb5 17. Bd5 Ra7 18. Rg1 Qf4+ 19. Rg3 Rc7 20.
Rxa6 Bxe3 21. fxe3 Rxc2+ 22. Kh1 Qxg3 23. Bxf7+ Rxf7 24. Ra8+ Rf8 25. Rxf8+
Kxf8 {White resigns} 0-1

[Event "ICC tourney 2148 (70 10)"]
[Site "Internet Chess Club"]
[Date "2020.11.21"]
[Round "1"]
[White "chesspen2011"]
[Black "king2f8"]
[Result "1-0"]
[ICCResult "Black resigns"]
[WhiteElo "1478"]
[BlackElo "1312"]
[Opening "Sicilian defense"]
[ECO "B30"]
[NIC "SI.31"]
[Time "12:39:16"]
[TimeControl "4200+10"]

1. e4 c5 2. Nf3 Nc6 3. Nc3 d6 4. d3 e5 5. Be3 Be7 6. Be2 Nf6 7. a3 Be6 8.
O-O O-O 9. h3 Nd4 10. Re1 Qd7 11. Bf1 Rfe8 12. Ne2 Nxf3+ 13. gxf3 Bxh3 14.
Bxh3 Qxh3 15. Ng3 Rad8 16. Qe2 h6 17. Qf1 Qxf1+ 18. Kxf1 b6 19. Ke2 d5 20.
Rg1 d4 21. Bd2 Kh8 22. Nf5 Nh5 23. Rh1 Nf4+ 24. Bxf4 exf4 25. Rag1 Bf6 26.
Nxh6 Rd7 27. Ng4+ Kg8 28. Nxf6+ Kf8 29. Nxd7+ Ke7 30. Ne5 Kf6 31. Ng4+ Ke7
32. Rh7 Kf8 33. Nh2 g6 34. Rh8+ Ke7 35. Rxe8+ Kxe8 36. Rg4 {Black resigns}
1-0

[Event "ICC tourney 2148 (70 10)"]
[Site "Internet Chess Club"]
[Date "2020.11.21"]
[Round "1"]
[White "ishirlakhani"]
[Black "dakotafulks"]
[Result "1-0"]
[ICCResult "Black checkmated"]
[WhiteElo "1478"]
[BlackElo "1312"]
[Opening "QGD: 4.Bg5"]
[ECO "D50"]
[NIC "QO.16"]
[Time "12:39:47"]
[TimeControl "4200+10"]

1. d4 e6 2. c4 d5 3. Nc3 Nf6 4. Bg5 c6 5. e3 Be7 6. Nf3 O-O 7. Bd3 Nbd7 8.
O-O Qc7 9. h3 e5 10. dxe5 Nxe5 11. Nxe5 Qxe5 12. Bxf6 Bxf6 13. cxd5 cxd5 14.
Qf3 d4 15. exd4 Qxd4 16. Rad1 Qb6 17. Rb1 Be6 18. Nd5 Bxd5 19. Qxd5 Rad8 20.
Qe4 Rd4 21. Qxh7# {Black checkmated} 1-0

[Event "ICC tourney 2148 (70 10)"]
[Site "Internet Chess Club"]
[Date "2020.11.21"]
[Round "1"]
[White "jimbobco"]
[Black "JaiO"]
[Result "0-1"]
[ICCResult "White resigns"]
[WhiteElo "1312"]
[BlackElo "1478"]
[Opening "Giuoco Piano: four knights variation"]
[ECO "C50"]
[NIC "IG.02"]
[Time "12:39:13"]
[TimeControl "4200+10"]

1. e4 e5 2. Nf3 Nc6 3. Bc4 Bc5 4. Nc3 Nf6 5. O-O O-O 6. d3 h6 7. a4 d6 8. b3
Bg4 9. Rb1 a6 10. Ne2 Bxf3 11. gxf3 Qd7 12. Kh1 Qh3 13. Rg1 Qxf3+ 14. Rg2
Ng4 15. Qf1 Nxf2+ 16. Qxf2 Bxf2 17. Ng1 Bxg1 18. Kxg1 Nd4 19. Rf2 Qg4+ 20.
Kf1 Qh3+ 21. Rg2 Nxc2 22. Bd2 Ne3+ 23. Ke2 Nxg2 {White resigns} 0-1

[Event "ICC tourney 2148 (70 10)"]
[Site "Internet Chess Club"]
[Date "2020.11.21"]
[Round "1"]
[White "ryc2009"]
[Black "addisenapl"]
[Result "0-1"]
[ICCResult "White checkmated"]
[WhiteElo "1296"]
[BlackElo "1461"]
[Opening "Four knights: Italian variation"]
[ECO "C47"]
[NIC "KP.06"]
[Time "12:39:27"]
[TimeControl "4200+10"]

1. e4 e5 2. Nf3 Nc6 3. Nc3 Nf6 4. Bc4 d6 5. Ng5 Be6 6. Nxe6 fxe6 7. Bxe6 Be7
8. O-O Nd4 9. Bc4 c6 10. d3 d5 11. exd5 cxd5 12. Bb5+ Nxb5 13. Nxb5 d4 14.
Bg5 Qd7 15. Bxf6 Bxf6 16. c4 a6 17. Na3 O-O 18. c5 Qd5 19. Rc1 e4 20. dxe4
Qxe4 21. Re1 Qh4 22. Qb3+ Kh8 23. g3 Qg4 24. Qxb7 Bg5 25. Rc2 d3 26. Rc4 Qf3
27. Nb1 Qxb7 28. Rh4 Bxh4 29. Re8 Raxe8 30. Nc3 Bxg3 31. a3 Re1#
{White checkmated}
0-1

[Event "ICC tourney 2148 (70 10)"]
[Site "Internet Chess Club"]
[Date "2020.11.21"]
[Round "1"]
[White "jrcrawford512"]
[Black "chesskid-kingly"]
[Result "1-0"]
[ICCResult "Black checkmated"]
[WhiteElo "1478"]
[BlackElo "1312"]
[Opening "English opening"]
[ECO "A05"]
[NIC "QP.11"]
[Time "12:39:40"]
[TimeControl "4200+10"]

1. Nf3 Nf6 2. c4 Nc6 3. Nc3 g6 4. e4 Bg7 5. d4 b6 6. Bd3 Bb7 7. O-O O-O 8.
e5 Nh5 9. Be3 Nb4 10. Be2 Bh6 11. Bxh6 Re8 12. a3 Nc6 13. d5 Na5 14. b4 Nxc4
15. Bxc4 f5 16. d6+ e6 17. Nb5 c6 18. Nc7 Rc8 19. Bg5 Re7 20. Bxe7 Qxe7 21.
dxe7 Re8 22. Nxe8 Kf7 23. Qxd7 Nf4 24. Nf6 h6 25. e8=Q# {Black checkmated}
1-0

[Event "ICC tourney 2148 (70 10)"]
[Site "Internet Chess Club"]
[Date "2020.11.21"]
[Round "1"]
[White "mytoyoweta"]
[Black "jonathanxu"]
[Result "0-1"]
[ICCResult "White checkmated"]
[WhiteElo "1312"]
[BlackElo "1478"]
[Opening "Petrov's defense"]
[ECO "C42"]
[NIC "RG.01"]
[Time "12:39:28"]
[TimeControl "4200+10"]

1. e4 e5 2. Nf3 Nf6 3. d3 Nc6 4. Be2 Bc5 5. h3 h5 6. Nc3 d6 7. Na4 Bb6 8.
Nxb6 axb6 9. a3 Be6 10. O-O Nd4 11. Nxd4 exd4 12. Bg5 Qe7 13. Bf3 Ra5 14. h4
Rxg5 15. hxg5 Ng4 16. g3 Qxg5 17. Bg2 h4 18. Qf3 hxg3 19. Qxg3 f5 20. f4 Qh5
21. Qh3 Qxh3 22. Bxh3 Rxh3 23. Kg2 Rh8 24. Rh1 Ne3+ 25. Kf3 Rxh1 26. Rxh1
Nxc2 27. Rh8+ Kf7 28. Rb8 fxe4+ 29. Kxe4 Ne3 30. Kxd4 Nd5 31. f5 Bxf5 32.
Kxd5 Bxd3 33. Rxb7 Be2 34. Rxc7+ Kf6 35. Rc6 Bf3+ 36. Kxd6 Bxc6 37. Kxc6 g5
38. Kd5 g4 39. Ke4 Kg5 40. Ke3 Kh4 41. Kf2 g3+ 42. Kg2 Kg4 43. b4 b5 44. a4
bxa4 45. b5 a3 46. b6 a2 47. b7 a1=Q 48. b8=Q Qa2+ 49. Kg1 Qf2+ 50. Kh1 Qh2#
{White checkmated}
0-1

[Event "ICC tourney 2148 (70 10)"]
[Site "Internet Chess Club"]
[Date "2020.11.21"]
[Round "1"]
[White "SimonDeng"]
[Black "leonvarghese"]
[Result "1-0"]
[ICCResult "Black resigns"]
[WhiteElo "1478"]
[BlackElo "1312"]
[Opening "Ruy Lopez: old Steinitz defense"]
[ECO "C62"]
[NIC "RL.02"]
[Time "12:39:49"]
[TimeControl "4200+10"]

1. e4 e5 2. Nf3 Nc6 3. Bb5 d6 4. d4 Nf6 5. d5 a6 6. Ba4 b5 7. Bxb5 axb5 8.
dxc6 Be6 9. Ng5 Bc4 10. b3 Be6 11. Nxe6 fxe6 12. Qe2 Qb8 13. O-O Qb6 14. Re1
Qxc6 15. Bb2 Be7 16. Nc3 Rb8 17. a3 O-O 18. h3 d5 19. exd5 exd5 20. Qxe5
Rfe8 21. Qe6+ Qxe6 22. Rxe6 d4 23. Ne4 Nxe4 24. Rxe4 c5 25. Rae1 Rb7 26. Bc1
b4 27. a4 Rd7 28. Bg5 Kf8 29. Bxe7+ Rexe7 30. Rxe7 Rxe7 31. Rxe7 Kxe7 32.
Kf1 Kd6 33. Ke2 Kd5 34. Kd3 g5 35. g3 h6 36. f4 gxf4 37. gxf4 h5 38. h4 Ke6
39. a5 Kd6 40. a6 Kc7 41. f5 Kb6 42. f6 Kxa6 43. f7 Kb6 44. f8=Q {Black
resigns} 1-0

[Event "ICC tourney 2148 (70 10)"]
[Site "Internet Chess Club"]
[Date "2020.11.21"]
[Round "1"]
[White "nocturnalplayz"]
[Black "masterDavid"]
[Result "0-1"]
[ICCResult "White resigns"]
[WhiteElo "1434"]
[BlackElo "1529"]
[Opening "Sicilian: closed"]
[ECO "B23"]
[NIC "SI.44"]
[Time "12:39:15"]
[TimeControl "4200+10"]

1. e4 c5 2. Nc3 g6 3. Nf3 Bg7 4. Bc4 d6 5. h3 Nf6 6. O-O O-O 7. d3 Nc6 8.
Bg5 a6 9. Re1 e5 10. Qd2 Qe7 11. Nd5 Qd8 12. c3 Be6 13. d4 cxd4 14. cxd4 h6
15. Nxf6+ Bxf6 16. Bxh6 Bxc4 17. Bxf8 Qxf8 18. d5 Ne7 19. Qb4 Bb5 20. Qxd6
Bg7 21. Nxe5 Rd8 22. Qc7 Rc8 23. Qd6 Rd8 24. Qc7 Nxd5 25. exd5 Rxd5 26. Rad1
Rc5 27. Rd8 Rxc7 28. Rxf8+ Kxf8 29. Nf3 Bxb2 30. Rb1 Rc1+ 31. Rxc1 Bxc1 32.
Nd4 Bc4 33. a4 Bb2 34. Nc2 Bb3 35. Ne3 Bxa4 36. Nc4 Bc3 37. Nb6 Bb5 38. Nd5
Bd4 39. Nb4 a5 40. Nc2 Bc3 41. Na3 Bd3 42. Kh2 Bb2 {White resigns} 0-1

[Event "ICC tourney 2148 (70 10)"]
[Site "Internet Chess Club"]
[Date "2020.11.21"]
[Round "1"]
[White "srm2010"]
[Black "AshikaN"]
[Result "1/2-1/2"]
[ICCResult "Game drawn because neither player has mating material"]
[WhiteElo "1422"]
[BlackElo "1402"]
[Opening "Van't Kruijs opening"]
[ECO "A00"]
[Time "12:39:29"]
[TimeControl "4200+10"]

1. e3 c5 2. e4 d6 3. Bb5+ Bd7 4. Bxd7+ Nxd7 5. Nf3 Ngf6 6. Nc3 a6 7. O-O e5
8. Ng5 h6 9. Nf3 Be7 10. d3 O-O 11. Nd5 Nxd5 12. exd5 b5 13. c4 Nf6 14. Nh4
Nh7 15. Nf5 Bg5 16. Bxg5 Qxg5 17. g4 h5 18. Nxd6 Qxg4+ 19. Qxg4 hxg4 20.
cxb5 axb5 21. Nxb5 Rab8 22. a4 Ng5 23. d6 Rfd8 24. b3 f5 25. a5 Rxb5 26. a6
Rbb8 27. a7 Ra8 28. Ra6 Rd7 29. Rfa1 Nf7 30. Rc6 Raxa7 31. Rxa7 Rxa7 32.
Rc8+ Kh7 33. Rc6 Rd7 34. Rc7 Rxd6 35. Rxf7 Rxd3 36. Rxf5 Rxb3 37. Rxe5 c4
38. Re2 Rb5 39. Rc2 Rc5 40. Rc3 Kg8 41. Kg2 Kf7 42. h3 gxh3+ 43. Kxh3 Ke6
44. Re3+ Kd6 45. Rc3 Kd5 46. Rc1 c3 47. Rd1+ Kc6 48. Rc1 c2 49. f4 Kd5 50.
Kg4 Ke4 51. Re1+ Kd3 52. f5 Rxf5 53. Kxf5 Kd2 54. Rg1 Kc3 55. Rxg7 c1=Q 56.
Rc7+ Kb2 57. Rxc1 Kxc1 {Game drawn because neither player has mating
material} 1/2-1/2

[Event "ICC tourney 2148 (70 10)"]
[Site "Internet Chess Club"]
[Date "2020.11.21"]
[Round "1"]
[White "MRZNA"]
[Black "sshear110"]
[Result "1-0"]
[ICCResult "Black checkmated"]
[WhiteElo "1478"]
[BlackElo "1312"]
[Opening "French: Marshall variation"]
[ECO "B23"]
[NIC "SI.44"]
[Time "12:39:14"]
[TimeControl "4200+10"]

1. e4 c5 2. Nc3 e6 3. d4 d5 4. Nf3 Nc6 5. Bb5 Bd7 6. exd5 exd5 7. O-O Nf6 8.
Bg5 Be7 9. dxc5 Bxc5 10. Nxd5 O-O 11. Nxf6+ gxf6 12. Bh4 a6 13. Bxc6 Bxc6
14. Qxd8 Raxd8 15. Bxf6 Rd6 16. Be7 Rd7 17. Bxc5 Rfd8 18. Bb6 Re8 19. Rfe1
Rc8 20. Ne5 Rd6 21. Rad1 Re6 22. Nxc6 bxc6 23. Rxe6 fxe6 24. Rd8+ Rxd8 25.
Bxd8 Kf7 26. Kf1 Ke8 27. Bg5 Kf7 28. Ke2 Kg6 29. h4 h6 30. Bf4 h5 31. Ke3
Kf5 32. f3 e5 33. Bg5 Kg6 34. Ke4 Kf7 35. Kxe5 Kg6 36. g4 hxg4 37. fxg4 Kg7
38. h5 Kh7 39. Bf4 Kg7 40. g5 Kh7 41. Ke6 Kg7 42. g6 Kg8 43. h6 Kh8 44. Kf7
c5 45. Be5# {Black checkmated} 1-0

[Event "ICC tourney 2148 (70 10)"]
[Site "Internet Chess Club"]
[Date "2020.11.21"]
[Round "1"]
[White "funstyle"]
[Black "ashvathk5"]
[Result "0-1"]
[ICCResult "White checkmated"]
[WhiteElo "1049"]
[BlackElo "1379"]
[Opening "Giuoco Pianissimo: Italian four knights variation"]
[ECO "C28"]
[NIC "VG.02"]
[Time "12:39:15"]
[TimeControl "4200+10"]

1. e4 e5 2. Bc4 Nf6 3. Nc3 Nc6 4. d3 Bc5 5. Nf3 h6 6. O-O O-O 7. Be3 Bb6 8.
Nd5 d6 9. h3 Bd7 10. Nxb6 axb6 11. a3 Be6 12. Bb5 Nh7 13. Qd2 Qf6 14. Kh2
Qg6 15. Rg1 Qh5 16. d4 Bd7 17. d5 Nb8 18. Bxd7 Nxd7 19. g4 Qg6 20. Nh4 Qf6
21. Nf5 Ng5 22. Bxg5 Qxg5 23. Kg3 Qxd2 24. Rac1 Nf6 25. Ne7+ Kh8 26. Rgd1
Nxe4+ 27. Kh4 Qg5# {White checkmated} 0-1

[Event "ICC tourney 2148 (70 10)"]
[Site "Internet Chess Club"]
[Date "2020.11.21"]
[Round "1"]
[White "coreenjansen"]
[Black "RahulPeesa"]
[Result "0-1"]
[ICCResult "White checkmated"]
[WhiteElo "948"]
[BlackElo "1156"]
[Opening "Caro-Kann defense"]
[ECO "B10"]
[NIC "CK.01"]
[Time "12:39:38"]
[TimeControl "4200+10"]

1. e4 c6 2. Nf3 d5 3. Bd3 dxe4 4. Bxe4 Nf6 5. Bd3 Bg4 6. O-O e6 7. Qe2 Bd6
8. Nc3 O-O 9. b3 Qc7 10. Bb2 Bxh2+ 11. Nxh2 Bxe2 12. Nxe2 Nbd7 13. Ba3 Rfd8
14. Nd4 Ne5 15. Nxe6 fxe6 16. Rae1 Nxd3 17. Rxe6 Ne5 18. Re7 Rd7 19. Re6 Re8
20. Rxe8+ Nxe8 21. Re1 Nf6 22. f4 Qb6+ 23. Kf1 Rxd2 24. Nf3 Qf2#
{White checkmated}
0-1

[Event "ICC tourney 2148 (70 10)"]
[Site "Internet Chess Club"]
[Date "2020.11.21"]
[Round "1"]
[White "Minidog201"]
[Black "chessfidebullet"]
[Result "0-1"]
[ICCResult "White checkmated"]
[WhiteElo "1233"]
[BlackElo "1317"]
[Opening "Petrov's defense"]
[ECO "C42"]
[NIC "RG.03"]
[Time "12:39:24"]
[TimeControl "4200+10"]

1. e4 e5 2. Nf3 Nf6 3. Nxe5 d6 4. Nf3 Bg4 5. Be2 Nxe4 6. Nc3 Nc5 7. d4 Ncd7
8. Bf4 Nb6 9. Nd2 Be6 10. Bf3 Qe7 11. O-O g5 12. Bg3 h5 13. Re1 h4 14. Bxd6
cxd6 15. d5 N8d7 16. dxe6 Ne5 17. Bxb7 Qxb7 18. Nde4 O-O-O 19. Nb5 h3 20. g3
f5 21. Kf1 Ng4 22. Ke2 Qxe4+ 23. Kd2 Nc4+ 24. Kc1 Qb7 25. Nc3 Qxb2#
{White checkmated}
0-1

[Event "ICC tourney 2148 (70 10)"]
[Site "Internet Chess Club"]
[Date "2020.11.21"]
[Round "1"]
[White "majiiii"]
[Black "johnzabraham"]
[Result "0-1"]
[ICCResult "White checkmated"]
[WhiteElo "1152"]
[BlackElo "1073"]
[Opening "French defense"]
[ECO "C11"]
[NIC "FR.04"]
[Time "12:39:38"]
[TimeControl "4200+10"]

1. e4 e6 2. d4 d5 3. Nc3 Nf6 4. Bf4 dxe4 5. Nb5 Bd6 6. Bxd6 cxd6 7. Be2 Nc6
8. f3 exf3 9. Bxf3 a6 10. Nc3 O-O 11. Qd3 Re8 12. Nge2 d5 13. O-O-O b5 14.
a3 Qa5 15. b4 Qxa3+ 16. Kd2 Nxb4 17. Nb1 Qa5 18. Qa3 Qxa3 19. Nxa3 Bd7 20.
Nc3 Nc6 21. Ra1 b4 22. Nab5 bxc3+ 23. Kxc3 axb5 24. Rxa8 Rxa8 25. Be2 b4+
26. Kb3 Nxd4+ 27. Kxb4 Nxe2 28. Re1 Ra4+ 29. Kc5 Rc4+ 30. Kd6 Rc6+ 31. Ke5
Ng4# {White checkmated} 0-1

[Event "ICC tourney 2148 (70 10)"]
[Site "Internet Chess Club"]
[Date "2020.11.21"]
[Round "1"]
[White "roh007"]
[Black "KIDFIRE"]
[Result "1-0"]
[ICCResult "Black checkmated"]
[WhiteElo "1478"]
[BlackElo "1312"]
[Opening "Caro-Kann: exchange variation"]
[ECO "B13"]
[NIC "CK.02"]
[Time "12:39:13"]
[TimeControl "4200+10"]

1. e4 c6 2. d4 d5 3. exd5 Qxd5 4. Nc3 Qd8 5. Nf3 Nf6 6. Bc4 Bg4 7. h4 Bxf3
8. Qxf3 e6 9. Bg5 Bb4 10. a3 Ba5 11. Bxf6 gxf6 12. Rd1 Nd7 13. Qh5 Qe7 14.
Qxa5 Nb6 15. Bb3 Qc7 16. Na4 O-O-O 17. Nxb6+ axb6 18. Qc3 Rdg8 19. g3 f5 20.
Kd2 f4 21. Rhg1 fxg3 22. fxg3 Rd8 23. Kc1 e5 24. dxe5 Rxd1+ 25. Rxd1 Re8 26.
Re1 Qd7 27. Rd1 Qf5 28. Re1 Qg6 29. Kb1 Rd8 30. e6 fxe6 31. Bxe6+ Kb8 32. g4
Re8 33. Bf5 Rxe1+ 34. Qxe1 Qh6 35. h5 Qg7 36. Qe8+ Ka7 37. Qd7 Qxd7 38. Bxd7
Ka6 39. Bf5 h6 40. g5 hxg5 41. h6 g4 42. h7 g3 43. h8=Q g2 44. Qg8 g1=Q+ 45.
Qxg1 b5 46. Bd3 Ka5 47. Qe1+ Kb6 48. a4 bxa4 49. Qb4+ Kc7 50. Qxa4 b5 51.
Qa7+ Kd6 52. c4 bxc4 53. Bxc4 c5 54. Qa6+ Ke5 55. Qe6+ Kd4 56. Qd5+ Ke3 57.
Qxc5+ Kf3 58. b4 Kg3 59. b5 Kg2 60. b6 Kh1 61. b7 Kg2 62. b8=Q Kh1 63. Qb7+
Kh2 64. Qg5 Kh3 65. Qbg2# {Black checkmated} 1-0

[Event "ICC tourney 2148 (70 10)"]
[Site "Internet Chess Club"]
[Date "2020.11.21"]
[Round "1"]
[White "AlexRashkovan"]
[Black "mewto12345"]
[Result "1/2-1/2"]
[ICCResult "Game drawn by mutual agreement"]
[WhiteElo "1342"]
[BlackElo "1213"]
[Opening "Scotch gambit"]
[ECO "C44"]
[NIC "SO.06"]
[Time "12:39:31"]
[TimeControl "4200+10"]

1. e4 e5 2. Nf3 Nc6 3. d4 exd4 4. Bc4 Bb4+ 5. c3 dxc3 6. bxc3 Bc5 7. Bxf7+
Kxf7 8. Qd5+ Ke8 9. Qxc5 d6 10. Qg5 Qxg5 11. Bxg5 Nf6 12. Nbd2 h6 13. Bh4
Bg4 14. Nd4 Ne5 15. O-O Kf7 16. f4 Nd3 17. f5 Ne5 18. h3 Bh5 19. g4 c5 20.
N4f3 Nexg4 21. hxg4 Nxg4 22. Nc4 g5 23. fxg6+ Kxg6 24. Nxd6 Ne3 25. Rf2 Ng4
26. Rg2 Kh7 27. Nf5 Rhg8 28. Nh2 Nxh2 29. Kxh2 Bf3 30. Rxg8 Rxg8 31. Rg1
Rxg1 32. Kxg1 Bxe4 33. Nd6 Bd5 34. a4 Bc6 35. Kf2 b6 36. Nc8 Bxa4 37. Nxa7
b5 38. Be7 b4 39. cxb4 cxb4 40. Bxb4 Kg6 41. Bd6 Kg5 42. Kg3 h5 43. Kh3 Bd7+
44. Kg2 Kg4 45. Bb8 h4 46. Bd6 h3+ 47. Kg1 Bf5 48. Bb8 Be4 49. Nb5 Bc6 50.
Nd4 Be4 51. Bd6 Bd5 52. Bb8 Be4 53. Bd6 Bd5 54. Bb8 Bg2 55. Bd6 Kh4 56. Nf5+
Kg5 57. Ne3 Kh4 {Game drawn by mutual agreement} 1/2-1/2

[Event "ICC tourney 2148 (70 10)"]
[Site "Internet Chess Club"]
[Date "2020.11.21"]
[Round "1"]
[White "Aarav10"]
[Black "saharsh2"]
[Result "0-1"]
[ICCResult "White checkmated"]
[WhiteElo "1312"]
[BlackElo "1478"]
[Opening "Four knights: Spanish variation"]
[ECO "C48"]
[NIC "KP.03"]
[Time "12:39:21"]
[TimeControl "4200+10"]

1. e4 e5 2. Nf3 Nc6 3. Bb5 Nf6 4. Nc3 Be7 5. d3 a6 6. Bxc6 dxc6 7. Bg5 h6 8.
Bxf6 Bxf6 9. O-O O-O 10. Qd2 Bg4 11. Qe3 Bxf3 12. Qxf3 Bg5 13. Rad1 Re8 14.
Ne2 Re6 15. Ng3 Rf6 16. Qe2 Re6 17. Nf5 g6 18. Ng3 Kg7 19. b4 Qe7 20. Rb1 b5
21. a3 Qd7 22. Rb3 Rd8 23. Rc3 Qd4 24. Qd2 Bxd2 25. Rb3 Bf4 26. c3 Qxd3 27.
Re1 Bxg3 28. hxg3 Qc4 29. Rbb1 Qxc3 30. Re3 Qc2 31. Ree1 Red6 32. Rbc1 Qa4
33. g4 Rd1 34. Rcxd1 Rxd1 35. Kf1 Rxe1+ 36. Kxe1 Qxa3 37. Ke2 Qxb4 38. Kf3
a5 39. Kg3 f6 40. f4 Qxe4 41. fxe5 Qxe5+ 42. Kh3 Qg5 43. g3 a4 44. Kg2 a3
45. Kf2 a2 46. Ke2 a1=Q 47. Kd3 Qb2 48. Ke4 Qb3 49. Kd4 Qe5# {White
checkmated} 0-1

[Event "ICC tourney 2148 (70 10)"]
[Site "Internet Chess Club"]
[Date "2020.11.21"]
[Round "1"]
[White "Krish11"]
[Black "Judtyr123"]
[Result "0-1"]
[ICCResult "White checkmated"]
[WhiteElo "1312"]
[BlackElo "1478"]
[Opening "Four knights: Italian variation"]
[ECO "C47"]
[NIC "KP.06"]
[Time "12:40:02"]
[TimeControl "4200+10"]

1. e4 e5 2. Nf3 Nc6 3. Nc3 Nf6 4. Bc4 Nxe4 5. Nxe4 d5 6. Nc3 dxc4 7. Qe2 Bd6
8. Qxc4 Be6 9. Qb5 Qc8 10. O-O O-O 11. Qe2 a6 12. d3 Qd7 13. Qe4 f5 14. Qh4
Be7 15. Qg3 f4 16. Nxe5 fxg3 17. Nxd7 gxf2+ 18. Rxf2 Rxf2 19. Kxf2 Bxd7 20.
Ke1 Bd6 21. h3 Rf8 22. Bg5 Bg3+ 23. Kd1 Rf1+ 24. Kd2 Rxa1 25. Ne2 Bd6 26.
Be3 Rxa2 27. Nc3 Bb4 28. Ke2 Bxc3 29. bxc3 Rxc2+ 30. Bd2 Na5 31. g4 Nb3 32.
Kd1 Rxd2+ 33. Ke1 a5 34. Kf1 a4 35. Kg1 a3 36. Kh1 a2 37. Kg1 a1=Q#
{White checkmated}
0-1

[Event "ICC tourney 2148 (70 10)"]
[Site "Internet Chess Club"]
[Date "2020.11.21"]
[Round "1"]
[White "Kentnar"]
[Black "hollydood"]
[Result "1-0"]
[ICCResult "Black resigns"]
[WhiteElo "1519"]
[BlackElo "1412"]
[Opening "Caro-Kann defense"]
[ECO "B10"]
[NIC "CK.01"]
[Time "12:39:28"]
[TimeControl "4200+10"]

1. e4 c6 2. Nf3 d5 3. exd5 cxd5 4. d4 Nc6 5. Bb5 Bd7 6. O-O a6 7. Ba4 b5 8.
Bb3 Nf6 9. h3 h6 10. Re1 e6 11. Bf4 a5 12. a4 b4 13. Ne5 Bd6 14. Nxf7 Kxf7
15. Bxd6 Be8 16. Be5 Rf8 17. Qf3 Kg8 18. c3 Ne4 19. Qg4 Qe7 20. f3 Nf6 21.
Bxf6 Rxf6 22. Bxd5 Bd7 23. Nd2 Qd6 24. Ne4 Qe7 25. Nxf6+ Qxf6 26. Bxc6 Bxc6
27. Qxe6+ Qf7 28. Qxc6 Rf8 29. Qe6 Qxe6 30. Rxe6 {Black resigns} 1-0

[Event "ICC tourney 2148 (70 10)"]
[Site "Internet Chess Club"]
[Date "2020.11.21"]
[Round "1"]
[White "BongCloudMaster"]
[Black "achyutmk"]
[Result "1-0"]
[ICCResult "Black resigns"]
[WhiteElo "1478"]
[BlackElo "1312"]
[Opening "QGD: Been-Koomen variation"]
[ECO "D50"]
[NIC "QO.16"]
[Time "12:39:38"]
[TimeControl "4200+10"]

1. d4 d5 2. c4 e6 3. Nc3 Nf6 4. Bg5 c5 5. e3 Be7 6. cxd5 exd5 7. Bxf6 Bxf6
8. dxc5 O-O 9. Bd3 d4 10. exd4 Bxd4 11. Nge2 Bxc3+ 12. Nxc3 Re8+ 13. Ne2 Nc6
14. O-O Be6 15. Nf4 Nb4 16. Be2 Nd5 17. Nxe6 Rxe6 18. Bc4 Rh6 19. Qxd5 Qxd5
20. Bxd5 Rh5 21. Rad1 Rd8 22. Rfe1 g6 23. Bf3 Rxd1 24. Rxd1 Rxc5 25. Kf1 Kg7
26. Bxb7 Rb5 27. Bd5 Rxb2 28. Ke1 f5 29. Rd2 Rb1+ 30. Ke2 Rh1 31. h3 Rb1 32.
Rc2 Kf6 33. Bb3 Rg1 34. Kf3 g5 35. Rc6+ Ke5 36. Rh6 g4+ 37. hxg4 fxg4+ 38.
Kg3 Kf5 39. Rxh7 Rd1 40. Bxd1 {Black resigns} 1-0